[Event "EYTCC U18 Girls 2019"]
[Site "Pardubice"]
[Date "2019.07.16"]
[Round "6.32"]
[White "Malicka, Maria"]
[Black "Levitan, Ronit"]
[Result "1/2-1/2"]
[ECO "C77"]
[WhiteElo "2115"]
[BlackElo "2022"]
[Annotator "ChessBase"]
[PlyCount "126"]
[EventDate "2019.07.11"]
[EventType "swiss"]
[EventCountry "CZE"]
[SourceTitle "playchess.com"]
[Source "ChessBase"]
[SourceQuality "1"]
[WhiteTeam "Poland"]
[BlackTeam "Israel"]
[WhiteTeamCountry "POL"]
[BlackTeamCountry "ISR"]
[TimeControl "40/5400+30:1800+30"]

1. e4 e5 2. Nf3 Nc6 3. Bb5 a6 4. Ba4 Nf6 5. d3 d6 6. c3 g6 7. O-O Bg7 8. Nbd2 O-O 9. Re1 Nd7 10. Nf1 Nc5 11. Bxc6 bxc6 12. d4 Nd7 13. Ne3 c5 14. dxe5 Nxe5 15. Nxe5 Bxe5 16. Nc4 Bg7 17. Bf4 a5 18. e5 Be6 19. Nd2 Qb8 20. exd6 cxd6 21. Ne4 Qxb2 22. Bxd6 Rfd8 23. Qf3 Bf5 24. Bxc5 Bxe4 25. Qxe4 Bxc3 26. Rab1 Qxa2 27. Red1 Re8 28. Qd3 Bg7 29. Rd2 Qe6 30. g3 a4 31. Qa3 h5 32. h4 Reb8 33. Rbd1 Rb3 34. Qa2 Qc4 35. Be3 a3 36. Kh2 Kh7 37. Bd4 Bxd4 38. Rxd4 Qe6 39. Rd6 Rb2 40. Qxb2 axb2 41. Rxe6 fxe6 42. Rd7+ Kh6 43. Rb7 Ra2 44. Kh3 g5 45. hxg5+ Kxg5 46. Rb5+ Kf6 47. f4 Kg6 48. Rg5+ Kf7 49. Rb5 Ke7 50. Kh4 Kd6 51. Rb8 Kc5 52. Kxh5 Kc4 53. Kg6 Kc3 54. Rc8+ Kd3 55. Rb8 Kc2 56. Rc8+ Kd3 57. Rb8 Kc2 58. Rc8+ Kb1 59. Kf6 Ra3 60. Kxe6 Ra6+ 61. Ke7 Ra7+ 62. Ke6 Ra6+ 63. Ke7 Ra7+ 1/2-1/2

[Event "EYTCC U18 Girls 2019"]
[Site "Pardubice"]
[Date "2019.07.16"]
[Round "6.33"]
[White "Kopcova, Ludmila"]
[Black "Urh, Zala"]
[Result "0-1"]
[ECO "E29"]
[WhiteElo "1980"]
[BlackElo "2072"]
[Annotator "NA"]
[PlyCount "72"]
[EventDate "2019.07.11"]
[EventType "swiss"]
[EventCountry "CZE"]
[SourceTitle "playchess.com"]
[Source "ChessBase"]
[SourceQuality "1"]
[WhiteTeam "Czech Republic"]
[BlackTeam "Slovenia"]
[WhiteTeamCountry "CZE"]
[BlackTeamCountry "SLO"]
[TimeControl "40/5400+30:1800+30"]

1. d4 Nf6 2. c4 e6 3. Nc3 Bb4 4. a3 Bxc3+ 5. bxc3 c5 6. e3 O-O 7. Bd3 Nc6 8. Ne2 b6 9. O-O Ba6 10. e4 Ne8 11. f4 f5 12. d5 Na5 13. e5 d6 14. dxe6 Qe7 15. Ng3 g6 16. Ra2 Qxe6 17. Re2 Rd8 18. Rfe1 Ng7 19. Qc2 Rf7 20. Nf1 Rfd7 21. Re3 Bxc4 22. exd6 Bxd3 23. Qxd3 Qxd6 24. Qb1 c4 25. R3e2 Nh5 26. g3 Qc5+ 27. Be3 Qxa3 28. Bd4 Nb3 29. Be5 Qc5+ 30. Ne3 Nd2 31. Bd4 Nf3+ 32. Kh1 Qc6 33. Ng2 Nxe1 34. Qxe1 Kf7 35. Kg1 Nf6 36. Nh4 a5 0-1

[Event "EYTCC U18 Girls 2019"]
[Site "Pardubice"]
[Date "2019.07.16"]
[Round "6.34"]
[White "Hercog, Nusa"]
[Black "Gresova, Zuzana"]
[Result "1-0"]
[ECO "D70"]
[WhiteElo "2053"]
[BlackElo "1919"]
[Annotator "NA"]
[PlyCount "131"]
[EventDate "2019.07.11"]
[EventType "swiss"]
[EventCountry "CZE"]
[SourceTitle "playchess.com"]
[Source "ChessBase"]
[SourceQuality "1"]
[WhiteTeam "Slovenia"]
[BlackTeam "Czech Republic"]
[WhiteTeamCountry "SLO"]
[BlackTeamCountry "CZE"]
[TimeControl "40/5400+30:1800+30"]

1. d4 d5 2. c4 c6 3. Nf3 Nf6 4. Nbd2 Bf5 5. e3 e6 6. Be2 Nbd7 7. O-O h6 8. b3 Bd6 9. Bb2 Bb8 10. Re1 O-O 11. g3 Re8 12. Nh4 Bh7 13. f4 Ne4 14. Nhf3 f5 15. Nxe4 fxe4 16. Ne5 Bd6 17. c5 Nxe5 18. fxe5 Bc7 19. Bg4 Qe7 20. Qe2 Rf8 21. Rf1 g5 22. Qg2 Kg7 23. Qh3 Bg8 24. b4 a6 25. a4 Rae8 26. Be2 Bh7 27. Bc3 Bf5 28. g4 Bg6 29. Rxf8 Qxf8 30. b5 axb5 31. axb5 cxb5 32. Bxb5 Ra8 33. Rxa8 Qxa8 34. Qf1 Bd8 35. Qa1 Qxa1+ 36. Bxa1 Kf8 37. Bc3 Be8 38. Be2 Bc6 39. Kf2 Ke7 40. Ke1 Kd7 41. Bb4 b6 42. cxb6 Bxb6 43. Bf8 Ke8 44. Bxh6 Bd8 45. h4 gxh4 46. g5 Kf7 47. Bh5+ Kg8 48. Kf2 Be7 49. Kg2 Bf8 50. Bxf8 Kxf8 51. Kh3 Kg7 52. Kxh4 Bb5 53. Kg3 Bd7 54. Kf2 Kf8 55. Ke2 Ke7 56. Kd2 Bb5 57. Kc3 Bf1 58. g6 Kf8 59. Bg4 Kg7 60. Bxe6 Kxg6 61. Bxd5 Kf5 62. Bc4 Bh3 63. e6 Kf6 64. Kb4 Ke7 65. Kc5 Bg4 66. d5 1-0

[Event "EYTCC U18 Girls 2019"]
[Site "Pardubice"]
[Date "2019.07.16"]
[Round "6.35"]
[White "Pribylova, Sofie"]
[Black "Sahin, Hayrun Nisa"]
[Result "1-0"]
[ECO "A48"]
[WhiteElo "2093"]
[BlackElo "1772"]
[Annotator "NA"]
[PlyCount "97"]
[EventDate "2019.07.11"]
[EventType "swiss"]
[EventCountry "CZE"]
[SourceTitle "playchess.com"]
[Source "ChessBase"]
[SourceQuality "1"]
[WhiteTeam "Czech Republic"]
[BlackTeam "Turkey"]
[WhiteTeamCountry "CZE"]
[BlackTeamCountry "TUR"]
[TimeControl "40/5400+30:1800+30"]

1. d4 Nf6 2. Nf3 g6 3. Bg5 Bg7 4. Nbd2 O-O 5. c3 d6 6. e4 c5 7. dxc5 dxc5 8. Bc4 h6 9. Bh4 Nh5 10. O-O Nd7 11. Qe2 Nb6 12. Bb3 Qc7 13. Qe3 c4 14. Bc2 e5 15. Rfd1 Be6 16. Nf1 f6 17. Ng3 Nf4 18. Ne2 h5 19. Bg3 Bh6 20. Bxf4 exf4 21. Qd2 Rfd8 22. Ned4 Bf7 23. Qe2 a6 24. e5 fxe5 25. Qxe5 Qxe5 26. Nxe5 Kg7 27. Nxg6 Kf6 28. Nh4 Rg8 29. Ndf5 Bf8 30. Nd6 Bd5 31. Ne4+ Bxe4 32. Bxe4 Rb8 33. g3 Bc5 34. Kf1 fxg3 35. hxg3 Ke5 36. Bf3 Rbf8 37. Kg2 Rf4 38. Re1+ Kd6 39. Rad1+ Kc7 40. Re4 Rf7 41. Re5 Bd6 42. Rxh5 Rgf8 43. Rd2 Nd7 44. Bd5 Rf6 45. Bxc4 Nc5 46. f3 Nd7 47. Rh7 Kc8 48. Bd5 a5 49. Bxb7+ 1-0

[Event "EYTCC U18 Girls 2019"]
[Site "Pardubice"]
[Date "2019.07.16"]
[Round "6.36"]
[White "Aydin, Gulenay"]
[Black "Nemcova, Karin"]
[Result "1-0"]
[ECO "B40"]
[WhiteElo "1934"]
[BlackElo "1956"]
[Annotator "NA"]
[PlyCount "67"]
[EventDate "2019.07.11"]
[EventType "swiss"]
[EventCountry "CZE"]
[SourceTitle "playchess.com"]
[Source "ChessBase"]
[SourceQuality "1"]
[WhiteTeam "Turkey"]
[BlackTeam "Czech Republic"]
[WhiteTeamCountry "TUR"]
[BlackTeamCountry "CZE"]
[TimeControl "40/5400+30:1800+30"]

1. e4 c5 2. Nf3 e6 3. c3 Nf6 4. e5 Nd5 5. d4 cxd4 6. cxd4 d6 7. a3 Nc6 8. Bd3 g6 9. O-O Bg7 10. Re1 O-O 11. Qe2 b6 12. Qe4 Bb7 13. Bg5 Qc7 14. Nbd2 dxe5 15. dxe5 Nce7 16. Qh4 Nf5 17. Bxf5 exf5 18. Bh6 f6 19. Rac1 Qd8 20. Bxg7 Kxg7 21. exf6+ Nxf6 22. Nd4 Bd5 23. Qg3 Kh8 24. Rc7 Rf7 25. Rec1 Qe8 26. Rxf7 Bxf7 27. N2f3 Rc8 28. Rxc8 Qxc8 29. h3 Qc1+ 30. Kh2 Qxb2 31. Qe5 Kg8 32. Qxf6 Qxa3 33. Ng5 Qa2 34. Nde6 1-0

[Event "EYTCC U18 Girls 2019"]
[Site "Pardubice"]
[Date "2019.07.16"]
[Round "6.37"]
[White "Laurincova, Kristyna"]
[Black "Tarasenka, Aliaksandra"]
[Result "1-0"]
[ECO "B40"]
[WhiteElo "2010"]
[BlackElo "2231"]
[Annotator "NA"]
[PlyCount "89"]
[EventDate "2019.07.11"]
[EventType "swiss"]
[EventCountry "CZE"]
[SourceTitle "playchess.com"]
[Source "ChessBase"]
[SourceQuality "1"]
[WhiteTeam "Czech Republic"]
[BlackTeam "Belarus"]
[WhiteTeamCountry "CZE"]
[BlackTeamCountry "BLR"]
[TimeControl "40/5400+30:1800+30"]

1. e4 c5 2. Nf3 e6 3. d4 cxd4 4. Nxd4 Nf6 5. Nc3 Nc6 6. Ndb5 Bb4 7. a3 Bxc3+ 8. Nxc3 d5 9. exd5 exd5 10. Bd3 O-O 11. O-O d4 12. Ne2 Ng4 13. Bf4 Re8 14. Qd2 Qf6 15. Rad1 Nge5 16. Bb5 d3 17. cxd3 Ng6 18. Be3 Bg4 19. d4 Rad8 20. Bg5 Qf5 21. Bd3 Qd5 22. Bxd8 Rxd8 23. f3 Bf5 24. Bxf5 Qxf5 25. Rfe1 Qf6 26. Qe3 h5 27. d5 Nce5 28. Ng3 h4 29. Ne4 Qa6 30. h3 Nc4 31. Qb3 Nf4 32. d6 Nxd6 33. Nxd6 Rxd6 34. Rxd6 Qxd6 35. Re8+ Kh7 36. Qxf7 Qd1+ 37. Kh2 Qd6 38. Qe7 Qh6 39. Qe4+ Ng6 40. Qc4 Qg5 41. Qg4 Qc5 42. Re4 Qd5 43. Re6 Nf4 44. Qxh4+ Nh5 45. Qe4+ 1-0

[Event "EYTCC U18 Girls 2019"]
[Site "Pardubice"]
[Date "2019.07.16"]
[Round "6.38"]
[White "Kuzich, Aryna"]
[Black "Lhotska, Anna"]
[Result "1-0"]
[ECO "B54"]
[WhiteElo "1902"]
[BlackElo "1922"]
[Annotator "NA"]
[PlyCount "117"]
[EventDate "2019.07.11"]
[EventType "swiss"]
[EventCountry "CZE"]
[SourceTitle "playchess.com"]
[Source "ChessBase"]
[SourceQuality "1"]
[WhiteTeam "Belarus"]
[BlackTeam "Czech Republic"]
[WhiteTeamCountry "BLR"]
[BlackTeamCountry "CZE"]
[TimeControl "40/5400+30:1800+30"]

1. e4 c5 2. Nf3 d6 3. d4 cxd4 4. Nxd4 Nf6 5. f3 Nc6 6. c4 e6 7. Nc3 Be7 8. Be3 O-O 9. Be2 a6 10. O-O Qc7 11. Qd2 Ne5 12. b3 b6 13. Kh1 Bb7 14. Qc2 Rac8 15. f4 Nc6 16. Bf3 Nd7 17. Rad1 Bf6 18. Nce2 Ne7 19. Qb1 Nc5 20. Ng3 g6 21. Rd2 Bg7 22. Rfd1 Rfd8 23. Nde2 a5 24. Qc2 Nc6 25. Nd4 Nxd4 26. Bxd4 Bxd4 27. Rxd4 e5 28. fxe5 dxe5 29. R4d2 Ne6 30. Ne2 Ba6 31. Bg4 Rxd2 32. Qxd2 Rd8 33. Qe1 Nc5 34. Nc3 Bb7 35. Nd5 Bxd5 36. cxd5 Qe7 37. Qe2 Rd6 38. Re1 Qg5 39. Bf3 Qf6 40. Qb5 Qf4 41. Qe2 Rd8 42. g3 Qf6 43. Kg2 Qe7 44. Qc2 Rd7 45. Rd1 Qd6 46. Be2 Rc7 47. Bc4 Nb7 48. Qd2 Qd8 49. d6 Rd7 50. Qd5 Qf8 51. Qxe5 Rxd6 52. Bd5 Rd7 53. Rf1 Nc5 54. Qf6 b5 55. Qc6 Rb7 56. e5 Ra7 57. e6 Nd3 58. exf7+ Kh8 59. Qf6+ 1-0

[Event "EYTCC U18 Girls 2019"]
[Site "Pardubice"]
[Date "2019.07.16"]
[Round "6.39"]
[White "Stroganova, Karina"]
[Black "Cvitan, Ena"]
[Result "0-1"]
[ECO "D00"]
[WhiteElo "1875"]
[BlackElo "2202"]
[Annotator "NA"]
[PlyCount "80"]
[EventDate "2019.07.11"]
[EventType "swiss"]
[EventCountry "CZE"]
[SourceTitle "playchess.com"]
[Source "ChessBase"]
[SourceQuality "1"]
[WhiteTeam "Russia"]
[BlackTeam "Croatia"]
[WhiteTeamCountry "RUS"]
[BlackTeamCountry "CRO"]
[TimeControl "40/5400+30:1800+30"]

1. d4 d5 2. Bf4 e6 3. Nf3 Bd6 4. Bg3 Nf6 5. e3 c5 6. Nbd2 Qc7 7. c3 Nbd7 8. Bd3 O-O 9. O-O Bxg3 10. fxg3 e5 11. e4 dxe4 12. Nxe4 Nxe4 13. Bxe4 Nf6 14. Bc2 cxd4 15. cxd4 exd4 16. Rc1 Qb6 17. Qxd4 Be6 18. Qxb6 axb6 19. a3 Rfd8 20. Ng5 Bd5 21. Bf5 h6 22. Nh3 Bc6 23. Nf4 Rd2 24. Rc2 Rad8 25. Rf2 Rd1+ 26. Rf1 Rxf1+ 27. Kxf1 g6 28. Nxg6 fxg6 29. Bxg6 Ng4 30. Ke2 Bb5+ 31. Ke1 Ne3 32. Rc7 Rd1+ 33. Kf2 Ng4+ 34. Kf3 Ne5+ 35. Kf4 Nxg6+ 36. Kf5 Bd3+ 37. Kf6 Rf1+ 38. Ke6 Bf5+ 39. Kf6 Bc2+ 40. Ke6 Bb3+ 0-1

[Event "EYTCC U18 Girls 2019"]
[Site "Pardubice"]
[Date "2019.07.16"]
[Round "6.40"]
[White "Bogdanic, Katarina"]
[Black "Beliakova, Ilona"]
[Result "1-0"]
[ECO "A05"]
[WhiteElo "1955"]
[BlackElo "1759"]
[Annotator "NA"]
[PlyCount "67"]
[EventDate "2019.07.11"]
[EventType "swiss"]
[EventCountry "CZE"]
[SourceTitle "playchess.com"]
[Source "ChessBase"]
[SourceQuality "1"]
[WhiteTeam "Croatia"]
[BlackTeam "Russia"]
[WhiteTeamCountry "CRO"]
[BlackTeamCountry "RUS"]
[TimeControl "40/5400+30:1800+30"]

1. Nf3 Nf6 2. c4 e6 3. g3 b6 4. Bg2 Bb7 5. Nc3 Be7 6. O-O O-O 7. d4 d5 8. cxd5 Nxd5 9. Nxd5 Bxd5 10. Bf4 Nd7 11. Qc2 Bd6 12. e4 Bb7 13. e5 Be7 14. Ng5 Bxg5 15. Bxb7 Rb8 16. Bxg5 Qxg5 17. Qxc7 Qd8 18. Rac1 Nc5 19. Qxd8 Rfxd8 20. dxc5 Rxb7 21. Rfd1 Rxd1+ 22. Rxd1 Kf8 23. c6 Rc7 24. Rd6 g5 25. f4 Kg7 26. Kf2 gxf4 27. gxf4 Kg6 28. Ke3 h6 29. Ke4 Kh5 30. f5 Kg5 31. fxe6 fxe6 32. Rxe6 h5 33. Kd5 Kf5 34. Rf6+ {[%emt 0:00:34] Ke4+ Kxe4} 1-0

[Event "EYTCC U18 Girls 2019"]
[Site "Pardubice"]
[Date "2019.07.16"]
[Round "6.41"]
[White "Kuhar, Larisa"]
[Black "Jaufarally, Nadia"]
[Result "1-0"]
[ECO "C68"]
[WhiteElo "1894"]
[BlackElo "1944"]
[Annotator "NA"]
[PlyCount "83"]
[EventDate "2019.07.11"]
[EventType "swiss"]
[EventCountry "CZE"]
[SourceTitle "playchess.com"]
[Source "ChessBase"]
[SourceQuality "1"]
[WhiteTeam "Slovenia"]
[BlackTeam "England"]
[WhiteTeamCountry "SLO"]
[BlackTeamCountry "ENG"]
[TimeControl "40/5400+30:1800+30"]

1. e4 e5 2. Nf3 Nc6 3. Bb5 a6 4. Bxc6 dxc6 5. O-O Qf6 6. d4 exd4 7. Bg5 Qd6 8. Nxd4 Bd7 9. Nc3 Ne7 10. Be3 O-O-O 11. Qe2 f5 12. Nb3 fxe4 13. Nxe4 Qg6 14. Nec5 Bh3 15. Qf3 Bg4 16. Qe4 Nd5 17. Qxg6 hxg6 18. Bg5 Nf6 19. Rfe1 Bxc5 20. Nxc5 Rd5 21. Be3 Bf5 22. c4 Rd6 23. h3 Rhd8 24. Rac1 Nd7 25. Nb3 Nf8 26. Bg5 Rf6 27. g4 Be6 28. Nc5 Bf7 29. Bxf6 gxf6 30. Re7 Bg8 31. b3 Nd7 32. Nxd7 Rxd7 33. Re8+ Rd8 34. Rce1 Bf7 35. Rxd8+ Kxd8 36. f4 b5 37. Re4 bxc4 38. bxc4 f5 39. Rd4+ Ke7 40. c5 Bxa2 41. Ra4 Be6 42. g5 1-0

[Event "EYTCC U18 Girls 2019"]
[Site "Pardubice"]
[Date "2019.07.16"]
[Round "6.42"]
[White "Rahulan, Thivyaa"]
[Black "Kralj, Nika"]
[Result "0-1"]
[ECO "B06"]
[WhiteElo "1878"]
[BlackElo "1807"]
[Annotator "NA"]
[PlyCount "46"]
[EventDate "2019.07.11"]
[EventType "swiss"]
[EventCountry "CZE"]
[SourceTitle "playchess.com"]
[Source "ChessBase"]
[SourceQuality "1"]
[WhiteTeam "England"]
[BlackTeam "Slovenia"]
[WhiteTeamCountry "ENG"]
[BlackTeamCountry "SLO"]
[TimeControl "40/5400+30:1800+30"]

1. e4 d6 2. d4 g6 3. Nc3 Bg7 4. Be3 a6 5. f4 b5 6. Bd3 Nf6 7. Qd2 Ng4 8. h3 Nxe3 9. Qxe3 Nd7 10. Nce2 c5 11. c3 Bb7 12. Nf3 Rc8 13. e5 cxd4 14. cxd4 Nb6 15. e6 f5 16. Ng5 Nd5 17. Qg3 Qa5+ 18. Kf1 Qd2 19. Nxh7 Ne3+ 20. Kg1 Kd8 21. Qxg6 Bxd4 22. Nxd4 Ng4 23. Rh2 Qe3+ 0-1

[Event "EYTCC U18 Girls 2019"]
[Site "Pardubice"]
[Date "2019.07.17"]
[Round "7.29"]
[White "Ferkova, Dominika"]
[Black "Urh, Zala"]
[Result "1-0"]
[ECO "E48"]
[WhiteElo "2009"]
[BlackElo "2072"]
[Annotator "NA"]
[PlyCount "95"]
[EventDate "2019.07.11"]
[EventType "swiss"]
[EventCountry "CZE"]
[SourceTitle "playchess.com"]
[Source "ChessBase"]
[SourceQuality "1"]
[WhiteTeam "Slovakia"]
[BlackTeam "Slovenia"]
[WhiteTeamCountry "SVK"]
[BlackTeamCountry "SLO"]
[TimeControl "40/5400+30:1800+30"]

1. d4 Nf6 2. c4 e6 3. Nc3 Bb4 4. e3 O-O 5. Bd3 d5 6. cxd5 exd5 7. Nge2 Re8 8. O-O Bf8 9. Ng3 b6 10. Bd2 c5 11. Nce2 Ba6 12. Bc3 Bxd3 13. Qxd3 Nbd7 14. Rae1 c4 15. Qd2 Nb8 16. f3 Nc6 17. b4 b5 18. Nf4 a5 19. a3 axb4 20. axb4 Ra4 21. e4 dxe4 22. fxe4 Bxb4 23. e5 Bxc3 24. Qxc3 Nd5 25. Nxd5 Qxd5 26. Nf5 Re6 27. Qg3 Rg6 28. Qf3 Qxf3 29. Rxf3 Ra2 30. Rf2 Rxf2 31. Kxf2 Rg5 32. Ne3 Kf8 33. Rd1 f6 34. e6 f5 35. d5 Nd8 36. g3 Rh5 37. Kg2 Rg5 38. Kf3 Rh5 39. h4 Nb7 40. Ra1 Nd6 41. Ra8+ Ke7 42. Ra7+ Kf8 43. Rd7 Ne4 44. d6 Nxd6 45. Rxd6 Ke7 46. Ra6 f4 47. Kxf4 g6 48. Ke4 1-0

[Event "EYTCC U18 Girls 2019"]
[Site "Pardubice"]
[Date "2019.07.17"]
[Round "7.30"]
[White "Hercog, Nusa"]
[Black "Sankova, Stella"]
[Result "1/2-1/2"]
[ECO "D38"]
[WhiteElo "2053"]
[BlackElo "1997"]
[Annotator "NA"]
[PlyCount "105"]
[EventDate "2019.07.11"]
[EventType "swiss"]
[EventCountry "CZE"]
[SourceTitle "playchess.com"]
[Source "ChessBase"]
[SourceQuality "1"]
[WhiteTeam "Slovenia"]
[BlackTeam "Slovakia"]
[WhiteTeamCountry "SLO"]
[BlackTeamCountry "SVK"]
[TimeControl "40/5400+30:1800+30"]

1. d4 Nf6 2. c4 e6 3. Nf3 d5 4. Nc3 Bb4 5. Qb3 c5 6. dxc5 Na6 7. a3 Bxc3+ 8. Qxc3 Nxc5 9. cxd5 Qxd5 10. Be3 Nce4 11. Qe5 O-O 12. Rd1 Qxe5 13. Nxe5 Nd5 14. Bc1 Nc5 15. f3 f6 16. Nc4 Nc7 17. e4 e5 18. Be3 N5e6 19. Nd6 Rd8 20. Bc4 b6 21. Kf2 Ba6 22. Bb3 Kf8 23. Rd2 g6 24. Rhd1 Ke7 25. Nc4 Rxd2+ 26. Rxd2 Nb5 27. Ba2 Rc8 28. g3 Nbd4 29. Bxd4 Bxc4 30. Bxc4 Nxd4 31. Bd5 Rc1 32. Kg2 Kd6 33. Bg8 h6 34. Bf7 g5 35. Rf2 Kc5 36. Kh3 Kd6 37. Kg4 Ke7 38. Bd5 Kf8 39. f4 gxf4 40. gxf4 Rg1+ 41. Kh3 exf4 42. Rxf4 Kg7 43. Rg4+ Rxg4 44. Kxg4 Kg6 45. b3 b5 46. a4 bxa4 47. bxa4 Nc2 48. a5 Nb4 49. Bb7 Nd3 50. a6 h5+ 51. Kf3 Kg5 52. Bc8 Ne5+ 53. Ke2 1/2-1/2

[Event "EYTCC U18 Girls 2019"]
[Site "Pardubice"]
[Date "2019.07.17"]
[Round "7.33"]
[White "Sahin, Hayrun Nisa"]
[Black "Koubova, Anna Marie"]
[Result "1/2-1/2"]
[ECO "B40"]
[WhiteElo "1772"]
[BlackElo "2094"]
[Annotator "NA"]
[PlyCount "65"]
[EventDate "2019.07.11"]
[EventType "swiss"]
[EventCountry "CZE"]
[SourceTitle "playchess.com"]
[Source "ChessBase"]
[SourceQuality "1"]
[WhiteTeam "Turkey"]
[BlackTeam "Czech Republic"]
[WhiteTeamCountry "TUR"]
[BlackTeamCountry "CZE"]
[TimeControl "40/5400+30:1800+30"]

1. e4 c5 2. Nf3 e6 3. c3 Nf6 4. e5 Nd5 5. d4 cxd4 6. cxd4 b6 7. a3 Be7 8. Bd3 Ba6 9. O-O Bxd3 10. Qxd3 O-O 11. Bd2 d6 12. Nc3 Nxc3 13. Qxc3 Nd7 14. Rac1 Rc8 15. Qxc8 Qxc8 16. Rxc8 Rxc8 17. Rc1 Rxc1+ 18. Bxc1 f6 19. exd6 Bxd6 20. Kf1 b5 21. g3 Nb6 22. Nd2 Kf7 23. Ke2 Ke7 24. Kd3 Kd7 25. Ne4 Kc6 26. b3 a6 27. h3 Be7 28. Nc3 Nd5 29. Nxd5 Kxd5 30. f3 f5 31. a4 bxa4 32. bxa4 Bf6 33. Be3 1/2-1/2

[Event "EYTCC U18 Girls 2019"]
[Site "Pardubice"]
[Date "2019.07.17"]
[Round "7.34"]
[White "Laurincova, Kristyna"]
[Black "OZTURK, Nil"]
[Result "1-0"]
[ECO "C71"]
[WhiteElo "2010"]
[BlackElo "1345"]
[Annotator "NA"]
[PlyCount "123"]
[EventDate "2019.07.11"]
[EventType "swiss"]
[EventCountry "CZE"]
[SourceTitle "playchess.com"]
[Source "ChessBase"]
[SourceQuality "1"]
[WhiteTeam "Czech Republic"]
[WhiteTeamCountry "CZE"]
[TimeControl "40/5400+30:1800+30"]

1. e4 e5 2. Nf3 Nc6 3. Bb5 a6 4. Ba4 d6 5. h3 Bd7 6. c3 g6 7. O-O Bg7 8. Re1 Nge7 9. d4 O-O 10. d5 Nb8 11. Bxd7 Nxd7 12. a4 h6 13. a5 f5 14. Nbd2 Kh7 15. Ra3 f4 16. Nf1 Nf6 17. c4 Qd7 18. b4 g5 19. N1h2 Ng6 20. Bb2 Rg8 21. Rc3 Bf8 22. Kh1 Rc8 23. Qc2 Be7 24. c5 Qb5 25. Rc4 Rge8 26. Rc1 Bf8 27. Ba3 Kg8 28. c6 Re7 29. cxb7 Qxb7 30. Rc6 Ne8 31. Qc4 Ra8 32. Rb1 Qb5 33. Qxb5 axb5 34. Bb2 Kf7 35. Ra1 Rd7 36. a6 Ne7 37. Rc3 Nc8 38. Nd2 Nb6 39. Ra5 Nc8 40. Rca3 Na7 41. Nb1 Rdd8 42. Nc3 Rdb8 43. Bc1 Rb6 44. Bd2 Ke7 45. f3 Nf6 46. Be1 c5 47. dxc6 Nxc6 48. Rxb5 Raxa6 49. Rxb6 Rxb6 50. b5 Nb8 51. Ra7+ Nbd7 52. Ng4 Ke8 53. Nxf6+ Nxf6 54. Bf2 Rb8 55. b6 Be7 56. Nb5 Kd8 57. Nc7 Kc8 58. Na6 Rb7 59. Ra8+ Kd7 60. Nb8+ Ke6 61. Nc6 Nd7 62. Ra7 1-0

[Event "EYTCC U18 Girls 2019"]
[Site "Pardubice"]
[Date "2019.07.17"]
[Round "7.36"]
[White "Nemcova, Karin"]
[Black "Zeliantsova, Kseniya"]
[Result "1-0"]
[ECO "B03"]
[WhiteElo "1956"]
[BlackElo "1907"]
[Annotator "NA"]
[PlyCount "75"]
[EventDate "2019.07.11"]
[EventType "swiss"]
[EventCountry "CZE"]
[SourceTitle "playchess.com"]
[Source "ChessBase"]
[SourceQuality "1"]
[WhiteTeam "Czech Republic"]
[BlackTeam "Belarus"]
[WhiteTeamCountry "CZE"]
[BlackTeamCountry "BLR"]
[TimeControl "40/5400+30:1800+30"]

1. e4 Nf6 2. e5 Nd5 3. d4 d6 4. c4 Nb6 5. Nf3 Nc6 6. exd6 exd6 7. h3 Bf5 8. Bd3 Bxd3 9. Qxd3 Be7 10. Bd2 Bf6 11. O-O O-O 12. Bc3 d5 13. c5 Na4 14. a3 a5 15. Qb5 Nxc3 16. bxc3 Qd7 17. a4 b6 18. cxb6 cxb6 19. Na3 Rab8 20. Nc2 Rfd8 21. Ne3 g6 22. Rab1 Qd6 23. Rb3 Bg7 24. Rfb1 Na7 25. Qa6 Nc8 26. Rb5 Qc6 27. Rxa5 Bh6 28. Qd3 Bxe3 29. Qxe3 Re8 30. Qf4 Rb7 31. Rab5 Nd6 32. Ne5 Qxc3 33. Rxd5 Nf5 34. Rc1 Qa3 35. Ng4 Kg7 36. Rxf5 gxf5 37. Qh6+ Kh8 38. Nf6 1-0

[Event "EYTCC U18 Girls 2019"]
[Site "Pardubice"]
[Date "2019.07.17"]
[Round "7.37"]
[White "Kucharska, Honorata"]
[Black "Bogdanic, Katarina"]
[Result "1-0"]
[ECO "B41"]
[WhiteElo "2054"]
[BlackElo "1955"]
[Annotator "NA"]
[PlyCount "97"]
[EventDate "2019.07.11"]
[EventType "swiss"]
[EventCountry "CZE"]
[SourceTitle "playchess.com"]
[Source "ChessBase"]
[SourceQuality "1"]
[WhiteTeam "Poland"]
[BlackTeam "Croatia"]
[WhiteTeamCountry "POL"]
[BlackTeamCountry "CRO"]
[TimeControl "40/5400+30:1800+30"]

1. e4 c5 2. Nf3 e6 3. d4 cxd4 4. Nxd4 a6 5. c4 Nf6 6. Nc3 Qc7 7. a3 b6 8. Be2 Bb7 9. f3 Be7 10. O-O O-O 11. Be3 d6 12. Rc1 Nbd7 13. Qe1 Rac8 14. Qf2 Qb8 15. g4 Ne5 16. g5 Nfd7 17. b3 Nc6 18. Qg2 Nxd4 19. Bxd4 d5 20. exd5 exd5 21. Qg4 Ne5 22. Qf5 Ng6 23. Nxd5 Bxd5 24. cxd5 Rxc1 25. Rxc1 Bxa3 26. Rc2 a5 27. Bb5 Bd6 28. Re2 Qc7 29. Bc6 Bf4 30. Qg4 Bd6 31. h4 Nf4 32. Re4 Nd3 33. Kf1 Bc5 34. f4 Bxd4 35. Rxd4 Nc5 36. Qf3 Qd6 37. f5 Qe5 38. Qf4 f6 39. d6 Qxf4+ 40. Rxf4 Rd8 41. Rd4 Kf8 42. g6 hxg6 43. fxg6 Nxb3 44. Rd1 Nc5 45. h5 a4 46. Re1 a3 47. Re7 Nd3 48. h6 gxh6 49. g7+ 1-0

[Event "EYTCC U18 Girls 2019"]
[Site "Pardubice"]
[Date "2019.07.17"]
[Round "7.38"]
[White "Koksa, Jelena"]
[Black "Malicka, Maria"]
[Result "0-1"]
[ECO "C45"]
[WhiteElo "1781"]
[BlackElo "2115"]
[Annotator "ChessBase"]
[PlyCount "110"]
[EventDate "2019.07.11"]
[EventType "swiss"]
[EventCountry "CZE"]
[SourceTitle "playchess.com"]
[Source "ChessBase"]
[SourceQuality "1"]
[WhiteTeam "Croatia"]
[BlackTeam "Poland"]
[WhiteTeamCountry "CRO"]
[BlackTeamCountry "POL"]
[TimeControl "40/5400+30:1800+30"]

1. e4 e5 2. Nf3 Nc6 3. d4 exd4 4. Nxd4 Bc5 5. Nxc6 bxc6 6. Bd3 Qh4 7. O-O Nf6 8. Qf3 O-O 9. Bf4 d6 10. h3 Rb8 11. b3 Re8 12. c3 a5 13. Nd2 Be6 14. Bc2 Nd7 15. Bg3 Qg5 16. Bf4 Qf6 17. Qg3 Ne5 18. Kh1 h6 19. Bxe5 dxe5 20. f4 exf4 21. Rxf4 Bd6 22. Rxf6 Bxg3 23. Rf3 Be5 24. Rd1 Red8 25. c4 Kf8 26. Rd3 Rxd3 27. Bxd3 Rd8 28. Nf3 Bc3 29. Bc2 Rxd1+ 30. Bxd1 Ke7 31. Kg1 Kd6 32. Kf2 f5 33. Bc2 f4 34. Ke2 g5 35. Kd3 Bf6 36. Nd4 Bxd4 37. Kxd4 c5+ 38. Kd3 Ke5 39. Bd1 Bf7 40. Be2 Bg6 41. Bf3 Bh7 42. a4 c6 43. g4 fxg3 44. Ke3 Bg6 45. Kd3 Kf4 46. Bg2 h5 47. Bh1 h4 48. Bg2 g4 49. hxg4 Kxg4 50. Ke3 h3 51. Bf3+ Kg5 52. e5 g2 53. Kf2 Kf5 54. Bxc6 Kxe5 55. Bd7 Bf5 0-1